 Dungeon Crawl Stone Soup version 0.24-a0-181-gd121a6d (webtiles) character file.

Game seed: 10738357922741147550

1754 Dfrag the Firebug (level 8, -2/52 HPs)
             Began as a Demonspawn Fire Elementalist on Mar 14, 2019.
             Slain by a hippogriff (8 damage)
             ... on level 7 of the Dungeon.
             The game lasted 00:08:45 (4657 turns).

Dfrag the Firebug (Demonspawn Fire Elementalist)    Turns: 4657, Time: 00:08:46

Health: -2/52      AC:  5    Str:  8    XL:     8   Next: 78%
Magic:  3/17       EV: 16    Int: 19    God:
Gold:   256        SH:  6    Dex: 17    Spells: 6/19 levels left

rFire    + . .     SeeInvis .   x - +1 whip (freeze)
rCold    . . .     Gourm    .   C - +2 buckler of Tulurch {rF+ MR+ Dex+3}
rNeg     . . .     Faith    .   a - +0 robe
rPois    .         Spirit   .   (helmet restricted)
rElec    .         Reflect  .   y - +0 cloak
rCorr    .         Harm     .   (no gloves)
MR       +....                  b - +1 pair of boots
Stlth    ++........             n - amulet of magic regeneration
HPRegen  0.17/turn              u - +5 ring of evasion
MPRegen  0.40/turn              (no ring)

@: no status effects
A: horns 2
a: no special abilities


You were on level 7 of the Dungeon.
You were hungry.

You visited 1 branch of the dungeon, and saw 7 of its levels.

You collected 319 gold pieces.
You spent 63 gold pieces at shops.

Inventory:

Hand Weapons
 q - a +0 flail
 x - a +1 whip of freezing (weapon)
Armour
 a - a +0 robe (worn)
 b - a +1 pair of boots (worn)
 y - a +0 cloak (worn)
 C - the +2 buckler of Tulurch (worn) {rF+ MR+ Dex+3}
   (You found it on level 5 of the Dungeon)

   It affects your dexterity (+3).
   It protects you from fire.
   It affects your resistance to hostile enchantments.
Jewellery
 n - an amulet of magic regeneration (around neck)
 s - the ring "Soly" {Ice Str+2}
   (You found it on level 4 of the Dungeon)

   [ring of ice]

   It enhances your ice magic.
   It affects your strength (+2).
   It makes you vulnerable to fire.
   It protects you from cold.
 u - a +5 ring of evasion (left hand)
 z - an uncursed ring of stealth {unknown}
Wands
 p - a wand of flame (15)
Scrolls
 e - 3 scrolls of identify {unknown}
 g - a scroll of enchant weapon {unknown}
 h - a scroll of fear {unknown}
 i - 2 scrolls of blinking {unknown}
 j - 3 scrolls of teleportation {unknown}
 l - a scroll of amnesia {unknown}
 m - 2 scrolls of remove curse {unknown}
 t - a scroll of noise {unknown}
 v - 2 scrolls of immolation {unknown}
 B - a scroll of fog {unknown}
 D - 2 scrolls of enchant armour {unknown}
Potions
 d - 5 potions of curing {unknown}
 f - 2 potions of agility {unknown}
 k - a potion of mutation {unknown}
 o - a potion of berserk rage {unknown}
 r - a potion of lignification {unknown}
 w - a potion of might {unknown}
 A - a potion of degeneration {unknown}
 E - a potion of haste {unknown}
 G - a potion of ambrosia {unknown}
 H - a potion of brilliance {unknown}
Comestibles
 c - 15 rations


   Skills:
 - Level 1.7 Dodging
 - Level 1.7 Stealth
 + Level 6.3 Spellcasting
 + Level 6.5 Conjurations
 + Level 6.5 Fire Magic


You had 6 spell levels left.
You knew the following spells:

 Your Spells              Type           Power        Failure   Level  Hunger
a - Flame Tongue          Conj/Fire      ####.        1%          1    None
b - Conjure Flame         Conj/Fire      ####....     3%          3    ##.....
c - Sticky Flame          Conj/Fire      ####....     12%         4    ####...
d - Fireball              Conj/Fire      ####......   34%         5    #####..

Your spell library contained the following spells:

 Spells                   Type           Power        Failure   Level  Hunger
 Throw Flame              Conj/Fire      ####..       1%          2    None
 Inner Flame              Hex/Fire       ###.....     14%         3    ##.....
 Confusing Touch          Hex            #.....       19%         1    None
 Confuse                  Hex            #.......     50%         3    ##.....
 Gell's Gravitas          Tloc           #.........   50%         3    ##.....
 Petrify                  Tmut/Erth      #.......     88%         4    ####...
 Metabolic Englaciation   Hex/Ice        #.........   99%         5    #####..
 Yara's Violent Unravell  Hex/Tmut       #.........   99%         5    #####..


Dungeon Overview and Level Annotations

Branches:
Dungeon (7/15)
 Temple: D:4-7

Altars:
Elyvilon
Fedhas
Nemelex Xobeh
Trog
Wu Jian
Xom
Zin
The Shining One

Shops:
D:4 *:**:   D:6 [


Innate Abilities, Weirdness & Mutations

You have a pair of horns on your head.


Message History

The hippogriff is covered in liquid flames!
You are feeling hungry.
The hippogriff burns!
A shadow imp comes into view.
The hippogriff bites you.
* * * LOW HITPOINT WARNING * * *
The hippogriff pecks you!
* * * LOW HITPOINT WARNING * * *
The hippogriff completely misses you.
Casting: Sticky Flame (safe; 12% risk of failure)
Confirm with . or Enter, or press ? or * to list all spells.
Aiming: Flame Tongue (safe; 1% risk of failure)
Press: ? - help, Shift-Dir - straight line, f/p - hippogriff
Aim: a hippogriff (moderately wounded, covered in liquid flames)
The flame tongue hits the hippogriff!
The hippogriff is severely wounded.
The shadow imp shouts, "Scamper home, thou currish wibble-sucking socdollager!"
The hippogriff burns!
You block the hippogriff's attack. The hippogriff pecks you!
You die...

.........# .........#
.........# #......o##
#.......## .........###
.........#<# #.#
..##....÷#.########.....
..††.....o.o☼†..@H...5..
..##.....#o###########.#
.>##.....#.[....#.....
..#############a#....
..# #†#.#.# ###
##†#.#.####. #
#ay......... #
#......##### #
#.##......#


You could see a hippogriff (burning), an orc warrior, an orc wizard, a shadow
imp and an orc.

Vanquished Creatures
  Grinder (D:5)
  2 ice beasts
  2 ogres (D:4)
  2 bullfrogs (D:6)
  5 killer bees (D:7)
  2 howler monkeys
  A centaur zombie (D:7)
  A centaur skeleton (D:4)
  4 hounds
  An orc wizard (D:5)
  3 orc priests
  4 bullfrog skeletons
  2 iguanas
  4 worker ants
  4 gnolls (D:3)
  4 adders
  An ooze (D:4)
  2 adder skeletons
  6 worms
  A dart slug (D:1)
  6 leopard geckos
  15 orcs
  A ball python (D:3)
  5 bats
  6 giant cockroaches
  11 goblins
  4 hobgoblins
  18 jackals
  3 quokkas
  7 frilled lizards
  8 kobolds
  A leopard gecko zombie (D:5)
  A quokka skeleton (D:4)
  6 rats
144 creatures vanquished.

Notes
Turn   | Place    | Note
-------+----------+-------------------------------------------
     0 | D:1      | Dfrag the Demonspawn Fire Elementalist began the quest for
                  | the Orb.
     0 | D:1      | Reached XP level 1. HP: 13/13 MP: 3/3
   199 | D:1      | Gained mutation: You have a pair of small horns on your
                  | head. [demonic ancestry]
   199 | D:1      | Reached XP level 2. HP: 16/19 MP: 3/5
   700 | D:2      | Reached XP level 3. HP: 19/24 MP: 1/6
   881 | D:2      | Found a shimmering altar of Xom.
  1346 | D:2      | Reached XP level 4. HP: 28/30 MP: 4/8
  1423 | D:2      | Found a glowing golden altar of the Shining One.
  1484 | D:3      | Learned a level 3 spell: Conjure Flame
  1489 | D:3      | Learned a level 4 spell: Sticky Flame
  1635 | D:3      | Reached XP level 5. HP: 28/35 MP: 4/9
  1771 | D:2      | Found a bloodstained altar of Trog.
  2058 | D:4      | Noticed an ogre
  2073 | D:4      | Killed an ogre
  2073 | D:4      | Reached XP level 6. HP: 36/41 MP: 3/11
  2173 | D:4      | Got a bound bone ring
  2174 | D:4      | Identified the ring "Soly" {Ice Str+2} (You found it on
                  | level 4 of the Dungeon)
  2217 | D:4      | Found Hidust's Book Shoppe.
  2249 | D:4      | Found Odeseig's General Store.
  2337 | D:4      | Reached XP level 7. HP: 30/46 MP: 4/13
  2421 | D:4      | Found a blossoming altar of Fedhas.
  2432 | D:4      | Found Susoip's Book Boutique.
  2680 | D:4      | Found Kuynad's Assorted Antiques.
  2691 | D:4      | Bought a scroll labeled LIKIYXZEASE for 22 gold pieces
  2691 | D:4      | Bought a scroll labeled TYUVUIRRYLL for 22 gold pieces
  2691 | D:4      | Bought a viscous grey potion for 19 gold pieces
  2826 | D:4      | Found Niykeq's General Store.
  3022 | D:5      | Entered Level 5 of the Dungeon
  3031 | D:5      | Reached skill level 5 in Fire Magic
  3105 | D:5      | Found a white marble altar of Elyvilon.
  3113 | D:5      | Noticed Grinder
  3119 | D:5      | Paralysed by Grinder for 2 turns
  3134 | D:5      | Killed Grinder
  3134 | D:5      | Reached skill level 5 in Spellcasting
  3134 | D:5      | Reached skill level 5 in Conjurations
  3549 | D:5      | Got a dazzling buckler
  3555 | D:5      | Identified the +2 buckler of Tulurch {rF+ MR+ Dex+3} (You
                  | found it on level 5 of the Dungeon)
  3572 | D:5      | Learned a level 5 spell: Fireball
  3583 | D:5      | Gained mutation: You have a pair of horns on your head.
                  | [demonic ancestry]
  3583 | D:5      | Reached XP level 8. HP: 52/52 MP: 9/15
  3600 | D:5      | Found a sparkling altar of Nemelex Xobeh.
  3606 | D:5      | Found an ornate altar of the Wu Jian Council.
  3613 | D:5      | Found a glowing silver altar of Zin.
  4346 | D:6      | Found Ziukluh's Antique Armour Boutique.
  4650 | D:7      | Noticed a hippogriff
  4657 | D:7      | Slain by a hippogriff

Levels and vault maps discovered:
D:1:      onia_arrival_larder, layout_rooms, chequers_decorated_corner
D:2:      lemuel_upstairs_altar, layout_rooms, overflow_temple_1_default,
          tso_altar
D:3:      layout_rooms, chequers_serial_rivers_large_a
D:4:      layout_basic, nicolae_overflow_hidden_temple, serial_shops, shop,
          shop, shop, nicolae_shop_overgrown_old_shop,
          nicolae_shop_window_shopping
D:5:      layout_layer_cave, minmay_overflow_temple_star_quad, first_ration,
          elyvilon_altar_3, uniq_grinder
D:6:      layout_cave_pools, serial_shops, nicolae_shop_crystal,
          kennysheep_big_empty_room, kennysheep_potato
D:7:      layout_basic, minmay_temple_entry_offerings

Skill      XL: |  1  2  3  4  5  6  7  8 |
---------------+-------------------------+-----
Fire Magic     | 3 4 5 6 |  6.5
Conjurations   | 2 3 4 5 6 |  6.5
Spellcasting   | 3 4 5 6 |  6.3
Dodging        | |  1.7
Stealth        | |  1.7

Action                   |  1- 3 |  4- 6 |  7- 9 || total
-------------------------+-------+-------+-------++-------
Melee: Unarmed           |    52 |     4 |       ||    56
       Headbutt          |     6 |     4 |     7 ||    17
       Flail             |       |    20 |     4 ||    24
       Whip              |       |       |    28 ||    28
 Cast: Flame Tongue      |    81 |   100 |    70 ||   251
       Sticky Flame      |       |     8 |    19 ||    27
       Conjure Flame     |       |       |     4 ||     4
       Fireball          |       |       |     1 ||     1
  Eat: Chunk             |     2 |     4 |    11 ||    17
Armor: Robe              |    28 |    22 |    14 ||    64
Dodge: Dodged            |    57 |    64 |    58 ||   179
Block: Buckler           |       |       |    21 ||    21

Table legend:
 A = Non-vault XP
 B = Vault XP
 C = Vault XP percentage of total XP
 D = Non-vault monster count
 E = Vault monster count
 F = Vault count percentage of total count
                 A         B        C        D         E       F
            +---------+---------+-------+---------+---------+-------
      Total |    1960 |     546 |  21.8 |     136 |       8 |   5.6
            +---------+---------+-------+---------+---------+-------
        D:1 |      30 |       6 |  16.7 |      18 |       4 |  18.2
        D:2 |      66 |       0 |   0.0 |      25 |       0 |   0.0
        D:3 |     122 |       0 |   0.0 |      30 |       0 |   0.0
        D:4 |     633 |       0 |   0.0 |      22 |       0 |   0.0
        D:5 |     318 |     277 |  46.6 |      15 |       1 |   6.2
        D:6 |     317 |     263 |  45.3 |      11 |       3 |  21.4
        D:7 |     474 |       0 |   0.0 |      15 |       0 |   0.0
            +---------+---------+-------+---------+---------+-------
